 Dungeon Crawl Stone Soup version 0.16.1-51-g6203257 (webtiles) character file.

113 teebee the Skirmisher (level 4, 0/42 HPs)
             Began as a Hill Orc Fighter on Aug 9, 2015.
             Killed from afar by Sigmund (9 damage)
             ... with a puff of flame
             ... on level 3 of the Dungeon.
             The game lasted 00:06:53 (1751 turns).

teebee the Skirmisher (Hill Orc Fighter)            Turns: 1751, Time: 00:06:53

Health: 0/42       AC:  6    Str: 19    XL:     4   Next: 96%
Magic:  4/4        EV:  7    Int:  8    God:
Gold:   141        SH:  9    Dex: 10    Spells: 0 memorised, 3 levels left

rFire  . . .     SeeInvis .     a - +0 long sword
rCold  . . .     Clarity  .     b - +0 scale mail
rNeg   . . .     SustAb   .     c - +0 shield
rPois  .         Gourm    .     (no helmet)
rElec  .         Spirit   .     (no cloak)
rCorr  .         Warding  .     (no gloves)
rMut   .         Stasis   .     (no boots)
MR     .....                    (no amulet)
Stlth  ..........               (no ring)
                                (no ring)

@: not resistant to hostile enchantments, extremely unstealthy
A: no striking features
a: no special abilities


You were on level 3 of the Dungeon.
You were not hungry.

You visited 1 branch of the dungeon, and saw 3 of its levels.

You collected 141 gold pieces.

Inventory:

Hand weapons
 a - a +0 long sword (weapon)
 x - a +2 quarterstaff of chaos
 A - a +1 long sword of protection
Missiles
 h - 15 poisoned bolts
 i - 5 needles of paralysis
 o - 12 arrows of flame
Armour
 b - a +0 scale mail (worn)
 c - a +0 shield (worn)
 k - a +0 shield
 s - a +0 plate armour
 w - a +0 chain mail
 y - a +2 hat
Jewellery
 m - an uncursed ring of fire
 q - an uncursed ring of see invisible {unknown}
Potions
 e - 3 potions of might
 g - a potion of restore abilities {unknown}
 j - a potion of brilliance {unknown}
 l - a potion of invisibility {unknown}
 n - a potion of experience {unknown}
 p - 3 potions of flight {unknown}
 r - a potion of ambrosia {unknown}
 u - 2 potions of curing {unknown}
 v - a potion of decay {unknown}
Comestibles
 d - 3 meat rations
 f - 2 royal jellies
 t - 3 bread rations
 z - 6 chunks of flesh


   Skills:
 * Level 5.1 Fighting
 * Level 4.0 Long Blades
 - Level 3.5 Armour
 - Level 0.1 Dodging
 - Level 3.2 Shields


You had 3 spell levels left.
You didn't know any spells.

Dungeon Overview and Level Annotations

Branches:
Dungeon (3/15)

Altars:

Annotations:
D:3 Sigmund


Message History

Sigmund is almost dead.
Sigmund gestures at you while chanting.
You are confused.
Sigmund points at you and mumbles some strange words.
The puff of flame hits you!
You bump into the rock wall.
Sigmund points at you and mumbles some strange words.
The puff of flame hits you!
* * * LOW HITPOINT WARNING * * *
Sigmund hits you from afar with a scythe.
* * * LOW HITPOINT WARNING * * *
You feel less confused. Sigmund gestures at you while chanting.
The magic dart hits you!
Sigmund mumbles some strange words.
Sigmund flickers and vanishes!
Deactivating autopickup; reactivate with Ctrl-A.
A puff of flame appears from out of thin air!
The puff of flame hits you!
You die...

#.##.# #..#....#...
#.##.# #.#####.#.##
..##.# #.# #.#)#
####.####.# #...#
#......# ##.##
#####..# #.# # #..#
#.# #..#######..##
#.#
#....@.......#####.#
##.#######.........#
#....######## #.##.#
... ..# ## ####


There were no monsters in sight!

Vanquished Creatures
  Crazy Yiuf (D:2)
  Robin (D:2)
  An adder (D:2)
  A worm (D:2)
  An ooze (D:1)
  5 orcs (D:3)
  6 giant cockroaches
  5 hobgoblins
  4 kobolds
  7 bats
  2 giant geckos (D:1)
  14 goblins
  3 rats
  A fungus (D:2)
52 creatures vanquished.

Notes
Turn   | Place    | Note
--------------------------------------------------------------
     0 | D:1      | teebee, the Hill Orc Fighter, began the quest for the Orb.
     0 | D:1      | Reached XP level 1. HP: 19/19 MP: 1/1
   301 | D:1      | Reached XP level 2. HP: 27/27 MP: 2/2
   387 | D:1      | Reached skill level 4 in Fighting
   709 | D:2      | Noticed Robin
   735 | D:2      | Reached XP level 3. HP: 30/33 MP: 3/3
   775 | D:2      | Killed Robin
  1083 | D:2      | Reached XP level 4. HP: 41/41 MP: 4/4
  1393 | D:2      | Noticed Crazy Yiuf
  1397 | D:2      | Killed Crazy Yiuf
  1397 | D:2      | Reached skill level 5 in Fighting
  1715 | D:3      | Noticed Sigmund
  1751 | D:3      | Killed from afar by Sigmund

Action                   |  1- 3 |  4- 6 || total
-------------------------+-------+-------++-------
Melee: Long sword        |   115 |    94 ||   209
  Use: Scroll            |     3 |     1 ||     4
       Potion            |       |     1 ||     1
  Eat: Meat ration       |       |     1 ||     1
